 Dungeon Crawl Stone Soup version 0.27-a0-1500-g450c7e4133 (webtiles) character file.

Game seed: 10429007477521042853

207807 tilp the Convoker (level 18, -2/149 HPs)
             Began as a Barachi Summoner on July 6, 2021.
             Was the Champion of Okawaru.
             Killed from afar by a Hell Sentinel (25 damage)
             ... with an iron shot
             ... on level 2 of the Abyss on July 7, 2021.
             The game lasted 02:07:32 (71715 turns).

tilp the Convoker (Barachi Summoner)               Turns: 71715, Time: 02:07:32

Health: -2/149     AC: 25    Str: 16    XL:     18   Next: 25%
Magic:  5/34       EV: 18    Int: 15    God:    Okawaru [******]
Gold:   972        SH:  6    Dex: 15    Spells: 4/41 levels left

rFire    + . .     SeeInvis +   a - +9 broad axe (freeze)
rCold    + . .     Faith    +   H - +0 buckler {reflect}
rNeg     . . .     Spirit   .   O - +4 ring mail
rPois    +         Reflect  +   y - +2 helmet {SInv}
rElec    .         Harm     .   B - +2 cloak {rCorr}
rCorr    +         Rampage  .   l - +2 pair of gloves
Will     +....     Rnd*Rage +   r - +1 pair of boots
Stlth    +++.......             I - amulet of faith
HPRegen  0.34/turn              u - ring of wizardry
MPRegen  0.24/turn              U - ring of the Messenger {+Blink rPois rF+ rC+}

@: heroic, slow
A: amphibious, slowness 1, strong legs 2, +LOS, [berserk 2]
}: 2/15 runes: decaying, serpentine
a: Hop, Renounce Religion, Evoke Blink, Heroism, Finesse


You were on level 2 of the Abyss.
You worshipped Okawaru.
Okawaru was exalted by your worship.
You visited 6 branches of the dungeon, and saw 32 of its levels.
You visited the Abyss 2 times.

You collected 3269 gold pieces.
You spent 2297 gold pieces at shops.

Inventory:

Hand Weapons
 a - a +9 broad axe of freezing (weapon)
 b - a +3 scimitar of flaming
Missiles
 c - 10 throwing nets
 h - 81 poisoned darts (quivered)
Armour
 l - a +2 pair of gloves (worn)
 r - a +1 pair of boots (worn)
 y - a +2 helmet of see invisible (worn)
 B - a +2 cloak of preservation (worn)
 C - the +0 cloak "Neablecut" {rF+}
   (Okawaru gifted it to you on level 3 of the Lair of Beasts)

   rF:        It protects you from fire.
 D - a +0 kite shield
 H - a +0 buckler of reflection (worn)
 K - a +0 cloak of willpower
 L - the +7 chain mail "Cusamim" {rC+ rN++}
   (You bought it in a shop on level 1 of the Dungeon)

   rC:        It protects you from cold.
   rN:        It greatly protects you from negative energy.
 O - a +4 ring mail (worn)
 Z - the +0 cloak of Analysis {MP+9 Int+3 SInv}
   (You found it on level 15 of the Dungeon)

   Int:       It affects your intelligence (+3).
   MP:        It affects your magic capacity (+9).
   SInv:      It lets you see invisible.
Jewellery
 u - a ring of wizardry (left hand)
 I - an amulet of faith (around neck)
 N - the ring of Happiness {Fire rN++ Dex-2}
   (You found it on level 11 of the Dungeon)

   [ring of fire]

   It enhances your fire magic.
   Dex:       It affects your dexterity (-2).
   rF:        It protects you from fire.
   rC:        It makes you vulnerable to cold.
   rN:        It greatly protects you from negative energy.
 T - a ring of resist corrosion
 U - the ring of the Messenger (right hand) {+Blink rPois rF+ rC+}
   (You acquired it on level 2 of the Lair of Beasts)

   [ring of protection from cold]

   rF:        It protects you from fire.
   rC:        It protects you from cold.
   rPois:     It protects you from poison.
   +Blink:    It lets you blink.
Wands
 n - a wand of charming (2)
 o - a wand of iceblast (68)
 t - a wand of flame (85)
 E - a wand of paralysis (19)
 F - a wand of digging (10)
 W - a wand of polymorph (18)
Scrolls
 d - 8 scrolls of immolation
 s - 5 scrolls of teleportation
 w - 6 scrolls of blinking
 z - 4 scrolls of fear
 P - 3 scrolls of fog
 Q - 3 scrolls of magic mapping
 R - a scroll of silence
 X - 4 scrolls of summoning
 Y - a scroll of amnesia
Potions
 e - 5 potions of might
 f - 7 potions of heal wounds
 g - 5 potions of haste
 i - 9 potions of curing
 j - 5 potions of lignification
 k - a potion of resistance
 m - 3 potions of berserk rage
 p - 9 potions of flight
 v - 2 potions of magic
 x - 3 potions of brilliance
 A - 6 potions of mutation
 J - a potion of invisibility
 M - 3 potions of attraction
 V - 2 potions of cancellation
Miscellaneous
 q - a tin of tremorstones (2/2)
 G - a phantom mirror
 S - a lightning rod (4/4)


   Skills:
 - Level 15.0(20.0) Fighting
 - Level 12.0(17.0) Axes
 - Level 8.0(13.0) Armour
 - Level 10.0(15.0) Dodging
 - Level 4.0(9.0) Stealth
 - Level 4.0(9.0) Shields
 - Level 12.0 Spellcasting
 - Level 4.0 Hexes
 + Level 17.9 Summonings
 - Level 4.0 Translocations
 - Level 4.0 Air Magic
 - Level 12.0 Invocations
 - Level 8.0 Evocations


You had 4 spell levels left.
You knew the following spells:

 Your Spells              Type           Power      Damage    Failure   Level
c - Call Canine Familiar  Summ           58%        N/A       0%          3
e - Summon Lightning Spi  Summ/Air       41%        N/A       1%          4
f - Summon Forest         Summ/Tloc      20%        N/A       1%          5
g - Shadow Creatures      Summ           N/A        N/A       1%          6
h - Summon Hydra          Summ           29%        N/A       2%          7
i - Summon Mana Viper     Hex/Summ       41%        N/A       1%          5
j - Monstrous Menagerie   Summ           29%        N/A       2%          7

Your spell library contained the following spells:

 Spells                   Type           Power      Damage    Failure   Level
 Summon Small Mammal      Summ           100%       N/A       0%          1
 Call Imp                 Summ           58%        N/A       0%          2
 Blink                    Tloc           N/A        N/A       1%          2
 Slow                     Hex            21%        N/A       1%          2
 Summon Guardian Golem    Hex/Summ       41%        N/A       1%          3
 Animate Armour           Summ/Erth      70%        N/A       1%          4
 Summon Ice Beast         Ice/Summ       35%        N/A       1%          4
 Shock                    Conj/Air       60%        1d6       2%          1
 Confusing Touch          Hex            21%        N/A       2%          3
 Lesser Beckoning         Tloc           10%        N/A       2%          3
 Portal Projectile        Hex/Tloc       42%        N/A       2%          3
 Swiftness                Air            21%        N/A       2%          3
 Teleport Other           Tloc           21%        N/A       2%          3
 Ensorcelled Hibernation  Hex/Ice        30%        N/A       3%          2
 Poisonous Vapours        Pois/Air       30%        N/A       3%          2
 Beastly Appendage        Tmut           18%        N/A       4%          1
 Freeze                   Ice            36%        1d6       4%          1
 Pain                     Necr           36%        1d5       4%          1
 Sandblast                Erth           18%        2d7       4%          1
 Passwall                 Tmut/Erth      7%         N/A       8%          2
 Wereblood                Tmut           9%         N/A       8%          2
 Mephitic Cloud           Conj/Pois/Air  12%        N/A       9%          3
 Airstrike                Air            10%        N/A       10%         4
 Conjure Flame            Conj/Fire      9%         6-21      16%         3
 Frozen Ramparts          Ice            18%        1d3       16%         3
 Ignite Poison            Fire/Tmut/Pois 9%         N/A       16%         3
 Ozocubu's Armour         Ice            9%         N/A       16%         3
 Spider Form              Tmut/Pois      4%         N/A       16%         3
 Stone Arrow              Conj/Erth      18%        3d8       16%         3
 Vampiric Draining        Necr           4%         2d6       16%         3
 Leda's Liquefaction      Hex/Erth       7%         N/A       21%         4
 Hailstorm                Conj/Ice       9%         3d4       43%         4
 Ice Form                 Ice/Tmut       9%         N/A       43%         4
 Sticky Flame             Conj/Fire      9%         2d3       43%         4
 Summon Horrible Things   Summ           29%        N/A       21%         8
 Manifold Assault         Tloc           21%        N/A       26%         5
 Malign Gateway           Summ/Tloc      20%        N/A       41%         7
 Lightning Bolt           Conj/Air       7%         1d20      50%         5
 Yara's Violent Unravell  Hex/Tmut       7%         3d5       50%         5
 Freezing Cloud           Conj/Ice/Air   6%         6-21      58%         5
 Agony                    Necr           9%         N/A       77%         5
 Alistair's Intoxication  Tmut/Pois      6%         N/A       77%         5
 Blade Hands              Tmut           4%         N/A       77%         5
 Bolt of Magma            Conj/Fire/Erth 4%         4d5       77%         5
 Borgnjor's Vile Clutch   Necr/Erth      4%         N/A       77%         5
 Excruciating Wounds      Necr           4%         N/A       77%         5
 Lee's Rapid Deconstruct  Erth           4%         3d6*      77%         5
 Conjure Ball Lightning   Conj/Air       7%         3x3d6     96%         6
 Death Channel            Necr           4%         N/A       99%         6
 Eringya's Noxious Bog    Tmut/Pois      4%         N/A       99%         6
 Iron Shot                Conj/Erth      4%         9d2       99%         6
 Simulacrum               Ice/Necr       4%         N/A       99%         6
 Ozocubu's Refrigeration  Ice            4%         4d5       100%        7
 Chain Lightning          Conj/Air       7%         3d10      100%        9
 Shatter                  Erth           4%         3d8*      100%        9


Dungeon Overview and Level Annotations

Branches:
Dungeon (15/15)            Temple (1/1) D:6            Lair (6/6) D:10
  Swamp (4/4) Lair:3        Snake (4/4) Lair:3        Slime (0/5) Lair:5
    Orc (2/2) D:12            Elf (0/3) Orc:2        Depths (0/5) D:15
 Vaults: D:13-14

Altars:
Ashenzari
Cheibriados
Dithmenos
Elyvilon
Fedhas
Gozag
Hepliaklqana
Kikubaaqudgha
Makhleb
Nemelex Xobeh
Okawaru
Qazlal
Ru
Sif Muna
Trog
Uskayaw
Vehumet
Wu Jian
Xom
Yredelemnul
Zin
The Shining One

Shops:
D:1 :*(   D:10 [   Orc:1 *   Orc:2 !*:=   Snake:1 :*

Portals:
Hell: Lair:6

Annotations:
D:14 2 transporters, vaults entrance, bmj180's ghost, journeyman DrCj
Swamp:3 Roxanne
Snake:3 2 transporters, exclusion: orange crystal statue


Innate Abilities, Weirdness & Mutations

You are amphibious.
You cover ground slowly.
You can hop long distances.
You have an extended range of vision and can be seen from far away.
[You often lose your temper in combat.]


Message History

The Hell Sentinel is severely wounded.
A bone dragon comes into view.
You block the Hell Sentinel's attack. x2
Your five-headed hydra bites the Hell Sentinel but does no damage. x2
Your five-headed hydra barely misses the Hell Sentinel.
Your five-headed hydra bites the Hell Sentinel.
Your five-headed hydra completely misses the Hell Sentinel.
Unknown command.
You hit the Hell Sentinel.
The Hell Sentinel is almost dead.
The Hell Sentinel hits you. The Hell Sentinel closely misses you.
Unknown command.
Unknown command.
You hit the Hell Sentinel.
The Hell Sentinel is almost dead.
Your five-headed hydra disappears in a puff of smoke!
Unknown command.
Unknown command.
You slash the Hell Sentinel!
The Hell Sentinel is almost dead.
The Hell Sentinel gestures at you.
The sphere of damnation explodes!
The damnation engulfs you!!!
* * * LOW HITPOINT WARNING * * *
The damnation engulfs the Hell Sentinel.
The Hell Sentinel completely resists.
Unknown command.
You barely miss the Hell Sentinel.
The Hell Sentinel is almost dead.
The Hell Sentinel misses you. The Hell Sentinel closely misses you.
Unknown command.
Unknown command.
You hit the Hell Sentinel but do no damage.
The Hell Sentinel is almost dead.
You hit the iron imp. You freeze the iron imp.
You hit the bone dragon but do no damage.
You block the iron imp's attack. The bone dragon closely misses you.
The bone dragon completely misses you. The bone dragon closely misses you.
The Hell Sentinel gestures at you. The iron shot hits you!!
You die...

. # .#. ## ...
#.##.. . .##ยง##
#.. .#..####..#.
##.....#.#... .
##..1......... .
###...@5.......
...#.##.D.....>....
. ....#....###.....
........## ...
#.#.......#
#........#.# ##
##.......## .. #
#....#... ##. .#
###.#.##.#.#.. ##


You could see a bone dragon, a Hell Sentinel and an iron imp.

Vanquished Creatures
  Frances (D:12)
  A thorn hunter (Swamp:1)
  Kirke (Swamp:4)
  A bunyip (Swamp:1)
  Snorg (Orc:2)
  Josephine (D:12)
  4 hydras
  A naga warrior (Snake:4)
  4 anacondas
  2 boulder beetles
  Erica (Orc:1)
  7 alligators
  A centaur warrior (D:15)
  5 two-headed ogres
  5 orc high priests
  3 naga sharpshooters (Snake:4)
  2 death yaks (Lair:6)
  5 shock serpents
  A sun demon (Lair:6)
  A salamander mystic (Snake:4)
  3 goliath frogs
  A naga ritualist (Snake:3)
  A deep elf archer (D:14)
  3 swamp dragons
  5 spriggan druids
  A wizard (Lair:6)
  5 bog bodies
  2 orc knights (Orc:2)
  6 mana vipers
  2 will-o-the-wisps
  2 manticores (D:14)
  2 deep elf pyromancers
  3 orc sorcerers
  An ugly thing (D:12)
  3 elephants (Lair:6)
  6 salamanders
  A worldbinder (Abyss:2)
  A cyclops (D:15)
  2 guardian serpents
  20 black mambas
  4 torpor snails
  5 naga magi
  Maggie (D:10)
  9 cane toads
  A gargoyle (D:12)
  An unseen horror (D:11)
  2 large abominations (Abyss:2)
  An orange demon (Lair:6)
  3 rime drakes
  2 ice devils (Lair:6)
  A freezing wraith (D:14)
  An anaconda simulacrum (Snake:1)
  A tengu conjurer (D:12)
  6 komodo dragons
  A red devil (Lair:6)
  A tyrant leech (Swamp:2)
  4 hornets
  24 nameless horrors
  3 trolls
  2 polar bears
  11 blink frogs
  A slime creature (D:15)
  5 dream sheep
  A shadow (D:12)
  A centaur simulacrum (D:15)
  2 spriggans
  6 wraiths
  A hog (Swamp:4)
  A basilisk (Lair:4)
  A golden eye (Abyss:2)
  3 wyverns
  29 yaks
  4 vampire mosquitoes
  38 nagas
  8 swamp worms
  3 wargs
  A harpy simulacrum (Snake:1)
  An acid dragon (D:12)
  11 water moccasins
  4 hell hounds
  4 swamp drakes (Swamp:4)
  28 orc warriors
  A black bear (Lair:5)
  A sky beast (D:7)
  4 boggarts (Lair:5)
  3 ogres
  7 centaurs
  A necrophage (D:7)
  15 wolves
  5 bullfrogs
  A kobold brigand (D:7)
  5 gnoll sergeants
  A deep troll simulacrum (Snake:1)
  A scorpion (D:5)
  3 killer bees (D:7)
  2 electric eels
  2 howler monkeys
  A bullfrog zombie (D:7)
  A crimson imp (D:10)
  2 centaur zombies
  4 jellies
  A centaur skeleton (D:7)
  4 hounds
  A gnoll shaman (D:10)
  17 orc priests
  An iguana (D:5)
  5 hell rats (Lair:6)
  11 orc wizards
  2 howler monkey zombies
  15 gnolls
  3 adders
  A white imp (D:10)
  A worm (D:3)
  46 orcs
  5 ball pythons
  3 endoplasms
  A giant cockroach (D:3)
  8 goblins
  2 hobgoblins
  6 jackals
  3 quokkas
  2 bats
  2 frilled lizards (D:2)
  12 kobolds
  2 rats (D:3)
  3 briar patches (Swamp:4)
  A bush (Lair:6)
573 creatures vanquished.

Vanquished Creatures (collateral kills)
  Mara (Swamp:3)
  Nikola (Swamp:3)
  A tentacled starspawn (Abyss:2)
  2 thorn hunters (Swamp:4)
  3 nagarajas (Snake:4)
  Aizul (Swamp:2)
  The ghost of Fiwougura the Black Belt, a journeyman DjTm of Wu Jian (Lair:6)
  A dire elephant (D:15)
  Azrael (D:14)
  2 bunyips
  2 eleionomae
  3 shambling mangroves
  A rakshasa (Abyss:2)
  A vault guard (D:14)
  2 salamander tyrants
  20 hydras
  12 naga warriors
  A catoblepas (D:15)
  2 ghost crabs
  3 anacondas
  3 boulder beetles
  3 centaur warriors
  6 alligators
  The ghost of wineyard the Djinni Aeon, a journeyman DjTm of Cheibriados (D:9)
  3 death yaks (Lair:6)
  A two-headed ogre (D:9)
  3 tengu warriors
  5 shock serpents
  A spriggan berserker (Swamp:2)
  5 naga sharpshooters
  6 goliath frogs
  A wretched star (Abyss:2)
  2 salamander mystics
  2 spriggan druids (Swamp:4)
  5 bog bodies
  3 naga ritualists
  8 swamp dragons
  2 lindwurms
  7 orc knights (Orc:2)
  5 mana vipers
  A wolf spider (D:15)
  5 salamanders
  5 nameless horrors
  3 guardian serpents
  2 cyclopes
  20 black mambas
  19 naga magi
  A gargoyle (D:13)
  5 cane toads
  An unseen horror (D:13)
  An anaconda simulacrum (Snake:1)
  A hellwing (Lair:6)
  8 komodo dragons
  An efreet (Abyss:2)
  A tengu conjurer (D:12)
  An ice devil (Lair:6)
  A red devil (Lair:6)
  2 trolls
  3 tyrant leeches
  A polar bear (Lair:1)
  8 hornets
  8 blink frogs
  A slime creature (D:15)
  4 dream sheep (Lair:4)
  A small abomination (Abyss:2)
  6 spriggans
  A spriggan simulacrum (Snake:1)
  A dire elephant simulacrum (Snake:1)
  5 fire elementals
  3 hogs (Swamp:4)
  31 yaks
  A golden eye (shapeshifter) (D:14)
  4 basilisks
  A warg (Orc:1)
  7 vampire mosquitoes
  25 nagas
  7 swamp worms
  An acid dragon (D:11)
  A hell hound (Lair:6)
  4 water moccasins
  2 black bears (D:10)
  An ice beast (D:7)
  2 swamp drakes (Swamp:4)
  An alligator simulacrum (Snake:1)
  5 orc warriors
  5 ogres
  A necrophage (D:5)
  26 wolves (Lair:1)
  7 centaurs
  A kobold brigand (D:10)
  6 bullfrogs
  2 scorpions
  A killer bee (D:7)
  A lindwurm simulacrum (Snake:1)
  An electric eel (Lair:4)
  2 centaur zombies
  5 hounds
  3 jellies
  A bullfrog skeleton (D:5)
  7 orc priests
  2 gnoll shamans
  Jessica (D:2)
  An orc wizard (Orc:1)
  24 gnolls
  4 adders
  A white imp (D:6)
  An adder skeleton (D:5)
  A worm (D:2)
  27 orcs
  5 endoplasms
  2 goblins
  A hobgoblin (D:4)
  6 jackals
  A quokka (D:5)
  A ball python (D:3)
  3 bats
  7 kobolds
  3 rats
  19 briar patches (Swamp:1)
525 creatures vanquished.

Vanquished Creatures (others)
  A nagaraja (Snake:4)
  A hydra (Lair:3)
  A two-headed ogre (D:8)
  An ugly thing (D:11)
  Maurice (D:8)
  A komodo dragon (Lair:1)
  A bloated husk (Swamp:2)
  A vampire mosquito (Swamp:2)
  An orc warrior (D:7)
  3 wolves (Lair:1)
  A gnoll shaman (D:10)
  An orc wizard (D:12)
  A briar patch (Swamp:1)
  2 demonic plants (Abyss:2)
  6 foxfires
  48 fungi
  61 plants
  4 snaplasher vines
  2 starspawn tentacles (Abyss:2)
138 creatures vanquished.

Grand Total: 1236 creatures vanquished

Notes
Turn   | Place    | Note
-------+----------+-------------------------------------------
     0 | D:1      | tilp the Barachi Summoner began the quest for the Orb.
     0 | D:1      | Reached XP level 1. HP: 13/13 MP: 3/3
    26 | D:1      | Found Jufoell's Book Shop.
   383 | D:1      | Found Repreg's Assorted Antiques.
   417 | D:1      | Reached skill level 1 in Fighting
   689 | D:1      | Reached XP level 2. HP: 13/22 MP: 1/5
  1009 | D:1      | Found Munuxag's Weapon Shop.
  1281 | D:1      | Bought a scroll labelled RAKKIQAOCO for 23 gold pieces
  1567 | D:2      | Found a faded altar of an unknown god.
  1598 | D:2      | Reached skill level 5 in Summonings
  1634 | D:2      | Learned a level 2 spell: Call Imp
  1724 | D:2      | Noticed Jessica
  1738 | D:2      | Killed Jessica
  1739 | D:2      | Reached XP level 3. HP: 16/27 MP: 0/7
  1745 | D:2      | Learned a level 3 spell: Call Canine Familiar
  2157 | D:2      | Found a shadowy altar of Dithmenos.
  2729 | D:1      | Bought a scroll labelled TIKLUNUCHO for 23 gold pieces
  3255 | D:3      | Reached XP level 4. HP: 23/33 MP: 3/8
  3774 | D:4      | Reached skill level 6 in Summonings
  3879 | D:4      | Reached XP level 5. HP: 27/40 MP: 1/9
  3996 | D:4      | Noticed an ogre
  4005 | D:4      | Killed an ogre
  4477 | D:4      | Reached XP level 6. HP: 25/48 MP: 2/10
  4683 | D:5      | Entered Level 5 of the Dungeon
  4825 | D:5      | Noticed a necrophage
  4837 | D:5      | Killed a necrophage
  5028 | D:5      | Reached skill level 5 in Fighting
  5028 | D:5      | Reached XP level 7. HP: 56/56 MP: 5/11
  5770 | D:5      | You fall into a shaft and drop 1 floor!
  5770 | D:6      | Found a staircase to the Ecumenical Temple.
  5779 | Temple   | Entered the Ecumenical Temple
  5989 | Temple   | Became a worshipper of Warmaster Okawaru
  6244 | D:6      | Learned a level 3 spell: Summon Guardian Golem
  6902 | D:6      | Reached XP level 8. HP: 44/67 MP: 6/12
  7516 | D:1      | Bought a smoking rapier for 207 gold pieces
  7516 | D:1      | Identified the +7 rapier of a treasure trove {vorpal,
                  | Int+6} (You bought it in a shop on level 1 of the Dungeon)
  7595 | D:4      | Learned a level 4 spell: Summon Lightning Spire
  7918 | D:7      | Reached * piety under Okawaru
  8476 | D:7      | Noticed a troll
  8484 | D:7      | Killed a troll
  8484 | D:7      | Reached ** piety under Okawaru
  8485 | D:7      | Reached skill level 10 in Fighting
  9174 | D:7      | Noticed a wyvern
  9183 | D:7      | Killed a wyvern
  9184 | D:7      | Reached XP level 9. HP: 38/79 MP: 6/13
  9398 | D:7      | Found an ancient bone altar of Kikubaaqudgha.
 10105 | D:7      | Identified a scroll of acquirement
 10105 | D:7      | Acquired an amulet of faith
 10300 | D:8      | Noticed Maurice
 10361 | D:8      | Noticed a two-headed ogre
 10371 | D:8      | Killed a two-headed ogre
 10371 | D:8      | Reached *** piety under Okawaru
 10371 | D:8      | Reached **** piety under Okawaru
 10609 | D:8      | Killed Maurice
 11174 | D:9      | Found a runed translucent gate.
 11174 | D:9      | Noticed wineyard's ghost (journeyman DjTm)
 11175 | D:9      | Found a runed translucent gate.
 11175 | D:9      | Found a runed translucent gate.
 11289 | D:9      | Reached XP level 10. HP: 89/89 MP: 12/15
 11300 | D:9      | Reached skill level 7 in Summonings
 11325 | D:9      | Received a gift from Okawaru
 11326 | D:9      | Reached skill level 8 in Summonings
 11776 | D:9      | Reached skill level 1 in Air Magic
 12188 | D:9      | Noticed a two-headed ogre
 12208 | D:9      | Killed a two-headed ogre
 13523 | D:10     | Entered Level 10 of the Dungeon
 13576 | D:10     | Reached ***** piety under Okawaru
 13577 | D:10     | Reached skill level 5 in Spellcasting
 13942 | D:10     | Received a gift from Okawaru
 13943 | D:10     | Reached skill level 9 in Summonings
 14207 | D:10     | Found Hifeudghu's Armour Shoppe.
 14233 | D:10     | Identified the +1 ring mail of Coogur {rPois rC+ Str-2}
 14337 | D:10     | Identified the +6 war axe "Orb Guardian's Bane" {vorpal,
                  | rC++}
 14378 | D:10     | Bought a +0 pair of boots for 63 gold pieces
 14534 | D:10     | HP: 4/89 [vampire mosquito (4)]
 15036 | D:10     | Found a staircase to the Lair.
 15376 | D:10     | Noticed Maggie
 15391 | D:10     | Killed Maggie
 15392 | D:10     | Reached skill level 10 in Summonings
 15392 | D:10     | Reached XP level 11. HP: 48/95 MP: 1/20
 15912 | D:10     | Reached skill level 11 in Summonings
 16344 | D:1      | Bought a faintly humming chain mail for 218 gold pieces
 16344 | D:1      | Identified the +7 chain mail "Cusamim" {rC+ rN++} (You
                  | bought it in a shop on level 1 of the Dungeon)
 16370 | D:1      | Learned a level 5 spell: Summon Forest
 16912 | D:11     | Reached skill level 1 in Shields
 16912 | D:11     | Reached skill level 1 in Translocations
 16914 | D:11     | Identified the ring of Happiness {Fire rN++ Dex-2}
 17159 | D:11     | Noticed a boulder beetle
 17184 | D:11     | Noticed a brown ugly thing
 17323 | D:11     | Noticed a boulder beetle
 17645 | D:11     | Killed a boulder beetle
 17709 | D:11     | Killed a brown ugly thing
 18437 | Lair:1   | Entered Level 1 of the Lair of Beasts
 18599 | Lair:1   | Identified the +9 fustibalus "Guda Egi" {flame, Dex+6 SInv
                  | Stlth+} (Okawaru gifted it to you on level 1 of the Lair of
                  | Beasts)
 18599 | Lair:1   | Received a gift from Okawaru
 18931 | Lair:1   | Reached skill level 12 in Summonings
 18943 | Lair:1   | HP: 1/95 [komodo dragon (25)]
 18947 | Lair:1   | Reached skill level 1 in Armour
 18951 | Lair:1   | Reached ****** piety under Okawaru
 19030 | Lair:1   | Received a gift from Okawaru
 19107 | Lair:1   | HP: 3/95 [black mamba (12)]
 19597 | Lair:1   | Reached skill level 5 in Dodging
 19597 | Lair:1   | Reached skill level 5 in Evocations
 19597 | Lair:1   | Reached XP level 12. HP: 46/102 MP: 14/21
 20101 | Lair:1   | Reached skill level 5 in Invocations
 20751 | Lair:1   | Acquired a Grand Grimoire
 20762 | Lair:1   | Reached skill level 5 in Armour
 20762 | Lair:1   | Gained mutation: You can hop long distances. [Barachi
                  | growth]
 20762 | Lair:1   | Reached XP level 13. HP: 108/108 MP: 22/22
 20827 | Lair:2   | Found a sacrificial altar of Ru.
 20955 | Lair:2   | HP: 5/108 [komodo dragon (22)]
 21568 | Lair:2   | Acquired the ring of the Messenger {+Blink rPois rF+ rC+}
 21656 | Lair:2   | Identified the +2 long sword of Qynumou {protect, rF+
                  | Str+2}
 21892 | Lair:2   | Reached skill level 5 in Axes
 22910 | Lair:3   | Found a staircase to the Snake Pit.
 23077 | Lair:3   | Identified the +0 cloak "Neablecut" {rF+} (Okawaru gifted
                  | it to you on level 3 of the Lair of Beasts)
 23077 | Lair:3   | Received a gift from Okawaru
 23231 | Lair:3   | Found a staircase to the Swamp.
 23974 | Lair:3   | Identified the +12 great sword "Ebaetulada" {drain, Fragile
                  | Str+2 Dex+5}
 24594 | Lair:4   | Learned a level 6 spell: Shadow Creatures
 26193 | Lair:4   | Received a gift from Okawaru
 27534 | Lair:4   | Got the Handbook of the Traveller
 28159 | Lair:5   | Reached XP level 14. HP: 97/115 MP: 24/24
 28220 | Lair:5   | Found a staircase to the Slime Pits.
 28934 | Lair:6   | Entered Level 6 of the Lair of Beasts
 29097 | Lair:6   | Reached skill level 13 in Summonings
 29732 | Lair:6   | Received a gift from Okawaru
 29733 | Lair:6   | Reached skill level 14 in Summonings
 31027 | Lair:6   | Found a runed translucent gate.
 31028 | Lair:6   | Found a runed translucent gate.
 31029 | Lair:6   | Found a runed translucent gate.
 31033 | Lair:6   | Noticed Fiwougura's ghost (journeyman DjTm)
 31236 | Lair:6   | Reached skill level 15 in Summonings
 31294 | Lair:6   | Received a gift from Okawaru
 32395 | Lair:6   | Cast into level 2 of the Abyss (a wizard)
 32419 | Lair:6   | Escaped the Abyss
 32933 | D:12     | Noticed Frances
 32946 | D:12     | Killed Frances
 33067 | D:12     | You fall into a shaft and drop 2 floors!
 33073 | D:14     | Noticed bmj180's ghost (journeyman DrCj)
 33074 | D:14     | Found a bloodstained altar of Trog.
 33074 | D:14     | Found a transporter.
 33148 | D:13     | Reached skill level 10 in Axes
 33432 | D:12     | Received a gift from Okawaru
 33672 | D:12     | Found a staircase to the Orcish Mines.
 34302 | D:12     | Noticed Josephine
 34897 | D:12     | Killed Josephine
 35097 | D:12     | Learned a level 7 spell: Summon Hydra
 35313 | D:13     | Reached XP level 15. HP: 119/120 MP: 28/28
 35885 | D:13     | Received a gift from Okawaru
 35886 | D:13     | Reached skill level 10 in Spellcasting
 36134 | Orc:1    | Entered Level 1 of the Orcish Mines
 36134 | Orc:1    | Found Isotew's General Store.
 36719 | Orc:1    | Noticed Erica
 36730 | Orc:1    | Killed Erica
 36730 | Orc:1    | Received a gift from Okawaru
 37027 | Orc:2    | Entered Level 2 of the Orcish Mines
 37028 | Orc:2    | Paralysed by an orc sorcerer for 2 turns
 37277 | Orc:2    | Noticed Snorg
 37286 | Orc:2    | Killed Snorg
 37376 | Orc:2    | Found a staircase to the Elven Halls.
 37412 | Orc:2    | Reached skill level 16 in Summonings
 39543 | Orc:2    | Identified the +2 demon blade of Instinct {vorpal, rElec
                  | Will- Str+4 Dex+3} (Okawaru gifted it to you on level 2 of
                  | the Orcish Mines)
 39543 | Orc:2    | Received a gift from Okawaru
 40774 | Orc:2    | Found Damut's Distillery.
 40774 | Orc:2    | Found Haizi's Jewellery Emporium.
 40775 | Orc:2    | Found Carihauf's General Store.
 40775 | Orc:2    | Found Ruph's Book Emporium.
 40891 | Orc:2    | Bought a book of the Dryads for 494 gold pieces
 40894 | Orc:2    | Bought a scroll of fog for 24 gold pieces
 40895 | Orc:2    | Bought a potion of ambrosia for 96 gold pieces
 40968 | Orc:1    | Bought a scroll of blinking for 82 gold pieces
 40968 | Orc:1    | Bought a potion of heal wounds for 55 gold pieces
 40968 | Orc:1    | Bought a potion of heal wounds for 55 gold pieces
 40968 | Orc:1    | Bought a potion of curing for 33 gold pieces
 41050 | Orc:2    | Learned a level 5 spell: Summon Mana Viper
 41052 | Orc:2    | Bought a potion of haste for 120 gold pieces
 41052 | Orc:2    | Bought 2 potions of mutation for 192 gold pieces
 41052 | Orc:2    | Bought a potion of heal wounds for 60 gold pieces
 41052 | Orc:2    | Bought a potion of cancellation for 96 gold pieces
 41185 | D:14     | Noticed Azrael
 41540 | D:14     | Reached skill level 1 in Hexes
 41945 | D:14     | Found a transporter.
 42094 | D:14     | Killed Azrael
 42528 | D:14     | Received a gift from Okawaru
 42656 | D:14     | Found a blossoming altar of Fedhas.
 42882 | D:15     | Entered Level 15 of the Dungeon
 42908 | D:15     | Identified the +0 cloak of Analysis {MP+9 Int+3 SInv}
 43228 | D:15     | Found a staircase to the Depths.
 43248 | D:15     | Reached skill level 10 in Invocations
 43837 | D:15     | Received a gift from Okawaru
 44545 | D:9      | Killed wineyard's ghost
 44745 | Snake:1  | Entered Level 1 of the Snake Pit
 45125 | Snake:1  | Found Tivve's General Store.
 45386 | Snake:1  | Identified the +1 plate armour of the Guild-Master {Int+8
                  | Dex-5 Stlth+} (Okawaru gifted it to you on level 1 of the
                  | Snake Pit)
 45386 | Snake:1  | Received a gift from Okawaru
 45654 | Snake:1  | Upgraded the game from 0.27-a0-1456-gf5a116941d to
                  | 0.27-a0-1500-g450c7e4133
 46279 | Snake:1  | Found Asitz's Book Shoppe.
 46606 | Snake:1  | Reached XP level 16. HP: 48/127 MP: 10/30
 47986 | Snake:1  | Bought a book of Beasts for 418 gold pieces
 48155 | Orc:1    | Bought a scroll of amnesia for 38 gold pieces
 49297 | Snake:2  | Received a gift from Okawaru
 50425 | Snake:2  | Found a shimmering blue altar of Sif Muna.
 51500 | Snake:2  | Identified the +0 leather armour of Wu Jian's Anger {Str+4
                  | Dex+7}
 52957 | Snake:3  | Received a gift from Okawaru
 55282 | Snake:3  | Found a transporter.
 55289 | Snake:3  | Noticed a nagaraja
 55366 | Snake:3  | Found a transporter.
 55610 | Swamp:1  | Entered Level 1 of the Swamp
 55617 | Swamp:1  | Received a gift from Okawaru
 55621 | Swamp:1  | Noticed a thorn hunter
 55741 | Swamp:1  | Killed a thorn hunter
 56092 | Swamp:1  | Received a gift from Okawaru
 56093 | Swamp:1  | Found the +27 Lear's hauberk
 56681 | Swamp:1  | You fall into a shaft and drop 1 floor!
 58156 | Swamp:2  | Reached skill level 10 in Dodging
 58665 | Swamp:2  | Reached XP level 17. HP: 111/137 MP: 17/31
 59090 | Swamp:3  | Noticed Aizul
 60021 | Swamp:3  | Noticed Nikola
 60036 | Swamp:3  | Killed Nikola
 60215 | Swamp:3  | Identified the +0 pair of gloves "Nuotos" {rPois} (Okawaru
                  | gifted it to you on level 3 of the Swamp)
 60215 | Swamp:3  | Received a gift from Okawaru
 60365 | Swamp:2  | Killed Aizul
 60568 | Swamp:3  | Noticed Mara
 60581 | Swamp:3  | Killed Mara
 60582 | Swamp:3  | Reached skill level 15 in Fighting
 61001 | Swamp:3  | Noticed Roxanne
 61081 | Swamp:4  | Entered Level 4 of the Swamp
 62565 | Swamp:4  | Got the Handbook of the Battered Beasts
 62897 | Swamp:4  | Received a gift from Okawaru
 64458 | Swamp:4  | Got a decaying rune of Zot
 64769 | Swamp:4  | Noticed Kirke
 64786 | Swamp:4  | Killed Kirke
 65090 | Snake:4  | Entered Level 4 of the Snake Pit
 65978 | Snake:4  | Received a gift from Okawaru
 66171 | Snake:4  | HP: 3/142 [naga sharpshooter/bolt (15)]
 67560 | Snake:4  | Received a gift from Okawaru
 67561 | Snake:4  | Reached skill level 17 in Summonings
 68443 | Snake:4  | Reached XP level 18. HP: 137/149 MP: 22/33
 68460 | Snake:4  | Learned a level 7 spell: Monstrous Menagerie
 69694 | Snake:4  | Received a gift from Okawaru
 69846 | Snake:4  | Got a serpentine rune of Zot
 70220 | Lair:6   | Found a burning altar of Makhleb.
 70535 | Lair:6   | Found a gateway to Hell.
 70617 | Lair:6   | Killed Fiwougura's ghost
 71478 | D:14     | Cast into level 2 of the Abyss (a wizard)
 71546 | Abyss:2  | Got the Tome of Air
 71604 | Abyss:2  | Identified the +4 war axe of the Unstoppable Runes {pain,
                  | rPois Str+2}
 71696 | Abyss:2  | Noticed a Hell Sentinel
 71710 | Abyss:2  | Noticed a bone dragon
 71715 | Abyss:2  | Killed from afar by a Hell Sentinel

Illustrated notes

Levels and vault maps discovered:
D:1:      grunt_arrival_lava_bath, layout_loops_ring, serial_shops, shop, shop,
          shop
D:2:      layout_basic, basic_altar, hellmonk_ecumenical_altar_inner_sanctum,
          chequers_arboretum, uniq_jessica
D:3:      layout_loops_ring, kennysheep_generic_room_14
D:4:      layout_rooms
D:5:      layout_loops_cross
D:6:      layout_basic, minmay_temple_entry_junction_2
D:7:      layout_basic, kiku_gazebo_pond_becter, grunt_ministairs_5,
          minmay_misc_feat_hallway, minmay_between
D:8:      layout_basic, dk_rats_in_the_wall, uniq_maurice
D:9:      layout_loops_ring, ebering_ghost_rock_garden, nicolae_zen_rock_garden
D:10:     layout_cave_pools, grunt_lair_entry_orc_guard_hut, serial_gnoll_camp,
          gnoll_camp_mini_house, gnoll_camp_mini_house, gnoll_camp_medium_02,
          gnoll_camp_medium_01, gnoll_camp_mini_doghouse, gnoll_camp_mini_shop,
          minmay_misc_feat_nine_boxes, minmay_misc_feat_iff,
          chequers_serial_rivers_micro_a, minmay_fire_ice_demons, uniq_maggie
D:11:     layout_loops_corners
D:12:     layout_long_grid, erik_orc_3, uniq_josephine, uniq_frances
D:13:     layout_gridville
D:14:     layout_basic, grunt_vaults_entry_fortified, fedhas_altar_4,
          gammafunk_ghost_wrathful_warriors, minmay_misc_feat_tiny, uniq_azrael
D:15:     hangedman_depths_entry_try_elsewhere_first, layout_basic,
          serial_curves, eino_curves_04, eino_curves_02
Temple:   minmay_crystal_snake_temple
Lair:1:   beast_lair_carwin_large_1, layout_gridlike,
          nicolae_volcano_entry_vermiform, grunt_forest_large_clearings,
          serial_bayou_shore_b, serial_bayou_shore_a, lemuel_fruit_tree,
          lemuel_fruit_fields, serial_bayou_shore_b, serial_bayou_shore_b
Lair:2:   wander_river, layout_cave_pods, basic_altar, serial_bayou_shore_b
Lair:3:   layout_long_grid, swamp_mist_pool, minmay_snake_entry_six_corridors
Lair:4:   nzn_winding_woodlands_medium [nzn_winding_woodlands_5x5_perimeter,
          nzn_winding_woodlands_5x15_default, nzn_winding_woodlands_5x5_three,
          nzn_winding_woodlands_5x5_cross,
          nzn_winding_woodlands_center_diamonds,
          nzn_winding_woodlands_hourglass,
          nzn_winding_woodlands_5x5_closed_star,
          nzn_winding_woodlands_5x15_concentric,
          nzn_winding_woodlands_5x5_default], layout_hall_layers,
          chequers_serial_rivers_room_b, disabler_island,
          infiniplex_staircase_pool
Lair:5:   layout_cave_pods, nicolae_slime_entry_slimehenge,
          kilobyte_rumbling_trees
Lair:6:   evil_forest, layout_loops_ring, gammafunk_ghost_split
Swamp:1:  layout_falls_marsh, evilmike_swamp_ruin_house_5,
          nicolae_swamp_alligator_family
Swamp:2:  layout_basic_swamp, nicolae_swamp_feature_on_the_river_bank
Swamp:3:  layout_basic_swamp, evilmike_swamp_ruin_wall, uniq_nikola, uniq_mara,
          uniq_roxanne, uniq_aizul
Swamp:4:  swamp_basic_johnstein, layout_basic_swamp, uniq_kirke
Snake:1:  cheibrodos_forgotten_conduit, layout_misc_corridors,
          portal_ice_cave_entry_ice_simulacra, serial_shops,
          nicolae_square_shop, shop
Snake:2:  layout_honeycomb, basic_altar, drop_trap, grunt_ministairs_5
Snake:3:  gammafunk_sealed_arena, layout_cave_town, nicolae_snake_lava_pool
Snake:4:  minmay_snake_end_coiled, layout_onion_interference, drop_trap,
          st_stairs_4
Orc:1:    layout_caves, serial_shops, shop, uniq_erica
Orc:2:    st_orc_pillars, layout_diamond_mine, uniq_snorg
Abyss:2:  base: D:11, patterned_corridor, base: Orc:2,
          grunt_abyss_exit_deep_breaths, evilmike_abyss_exit_plants

Skill      XL: |  1  2  3  4  5  6  7  8  9 10 11 12 13 14 15 16 17 18 |
---------------+-------------------------------------------------------+-----
Fighting       | 2 4 5 7 10 12 13 15 | 15.0
Summonings     | 5 6 10 12 15 16 17 | 17.9
Spellcasting   | 3 6 7 9 10 11 12 | 12.0
Stealth        | 2 3 4 |  4.0
Dodging        | 3 4 5 6 8 10 | 10.0
Invocations    | 4 6 8 11 12 | 12.0
Evocations     | 4 5 6 8 |  8.0
Air Magic      | 4 |  4.0
Shields        | 4 |  4.0
Translocations | 4 |  4.0
Armour         | 3 5 6 8 |  8.0
Axes           | 4 8 10 11 12 | 12.0
Hexes          | 4 |  4.0

Action                   |  1- 3 |  4- 6 |  7- 9 | 10-12 | 13-15 | 16-18 || total
-------------------------+-------+-------+-------+-------+-------+-------++-------
Melee: Short sword       |    88 |    78 |       |       |       |       ||   166
       Whip              |       |    34 |    81 |       |       |       ||   115
       Rapier            |       |       |   132 |   328 |       |       ||   460
       Broad axe         |       |       |       |       |   945 |   783 ||  1728
       Scimitar          |       |       |       |       |       |     6 ||     6
Throw: Dart              |       |       |     3 |       |     1 |     1 ||     5
 Cast: Summon Small Mamm |    30 |     1 |       |       |       |       ||    31
       Call Imp          |    23 |    22 |    18 |    13 |     1 |       ||    77
       Call Canine Famil |       |     5 |    25 |    37 |    27 |     2 ||    96
       Summon Guardian G |       |       |     3 |    16 |     6 |       ||    25
       Summon Lightning  |       |       |       |    28 |    14 |     5 ||    47
       Summon Forest     |       |       |       |     5 |    40 |    26 ||    71
       Shadow Creatures  |       |       |       |       |   108 |    24 ||   132
       Summon Hydra      |       |       |       |       |    42 |   263 ||   305
       Summon Mana Viper |       |       |       |       |     2 |     3 ||     5
       Monstrous Menager |       |       |       |       |       |     1 ||     1
Invok: Heroism           |       |       |       |    10 |    18 |    19 ||    47
       Finesse           |       |       |       |       |       |     1 ||     1
 Abil: Hop               |       |       |       |     6 |    12 |     9 ||    27
       Evoke Blink       |       |       |       |       |       |     2 ||     2
Evoke: Wand              |       |       |     2 |     7 |     6 |       ||    15
       Phantom mirror    |       |       |       |       |     1 |       ||     1
  Use: Scroll            |    10 |     3 |     6 |    10 |    14 |     8 ||    51
       Potion            |       |       |     1 |     7 |     2 |     5 ||    15
 Stab: Distracted        |     1 |       |       |     6 |    16 |    18 ||    41
       Sleeping          |       |     1 |     4 |     1 |     8 |     2 ||    16
       Petrified         |       |       |       |       |     3 |       ||     3
Armor: Ring mail         |    48 |    58 |   131 |   157 |   394 |   397 ||  1185
       Skin              |       |       |    11 |       |       |       ||    11
       Steam dragon scal |       |       |       |    37 |    40 |       ||    77
Dodge: Dodged            |    54 |    51 |   154 |   309 |   763 |   634 ||  1965
Block: Buckler           |       |       |       |       |   249 |   219 ||   468
       Reflection        |       |       |       |       |     3 |    15 ||    18
       Rpst.: Scimitar   |       |       |       |       |       |     3 ||     3

Table legend: (Time is in decaauts)
 A = Elapsed time spent in this place.
 B = Non-inter-level travel time spent in this place.
 C = Inter-level travel time spent in this place.
 D = Time resting spent in this place.
 E = Time spent auto-exploring this place.
 F = Levels seen in this place.
 G = Mean time per level.
                   A        B        C        D        E       F      G
               +--------+--------+--------+--------+--------+-----+--------+
         Total |  77371 |  71617 |   5754 |  27735 |  33775 |  34 | 2275.6 |
       Dungeon |  29531 |  26422 |   3109 |   7595 |  15685 |  15 | 1968.7 |
        Temple |    287 |    208 |     79 |      0 |    206 |   1 |  287.0 |
          Lair |  16602 |  15464 |   1138 |   4707 |   8434 |   6 | 2767.0 |
         Swamp |   9531 |   9180 |    351 |   4838 |   3117 |   4 | 2382.8 |
     Snake Pit |  16126 |  15443 |    683 |   8263 |   4984 |   4 | 4031.5 |
  Orcish Mines |   4997 |   4605 |    392 |   2330 |   1346 |   2 | 2498.5 |
         Abyss |    295 |    295 |      0 |      0 |      0 |   2 |  147.5 |
               +--------+--------+--------+--------+--------+-----+--------+

Top non-repeatable levels by time:
 Snake:2: 4499 daAuts
 Snake:4: 4153 daAuts
 Swamp:4: 4069 daAuts
 Snake:3: 3993 daAuts
    D:10: 3969 daAuts
  Lair:6: 3848 daAuts
 Snake:1: 3480 daAuts
 Swamp:2: 3429 daAuts
  Lair:3: 3300 daAuts
   Orc:2: 3123 daAuts
  Lair:4: 3036 daAuts
     D:7: 2717 daAuts
    D:12: 2537 daAuts
  Lair:5: 2499 daAuts
     D:9: 2467 daAuts
